 Dungeon Crawl Stone Soup version 0.28-a0-313-gbc0475efdd (webtiles) character file.

Game seed: 16621005893797920155

240 flotson the Sneak (level 6, -1/32 HPs)
             Began as a Vine Stalker Delver on Aug 31, 2021.
             Was an Initiate of Gozag.
             Succumbed to Edmund's poison
             ... on level 4 of the Dungeon.
             The game lasted 00:07:15 (4113 turns).

flotson the Sneak (Vine Stalker Delver)             Turns: 4113, Time: 00:07:16

Health: -1/32      AC:  7    Str: 17    XL:     6   Next: 8%
Magic:  3/7        EV: 11    Int: 10    God:    Gozag
Gold:   608        SH: 12    Dex: 15    Spells: 5/5 levels left

rFire   . . .      SeeInvis .   a - +0 hand axe
rCold   + . .      Faith    .   b - +0 tower shield
rNeg    . . .      Spirit   +   n - +2 ring mail {Will+}
rPois   .          Reflect  .   (no helmet)
rElec   .          Harm     .   (no cloak)
rCorr   .          Rampage  .   (no gloves)
Will    +....                   (no boots)
Stlth   +++.......              (no amulet)
HPRegen 1.10/turn               h - +4 ring of evasion
MPRegen 0.10/turn               l - ring of protection from cold

@: lethally poisoned (-1 -> -15), about to teleport
A: fangs 2, regeneration 1, magic shield, antimagic bite, no potion heal 2
a: Renounce Religion, Potion Petition, Call Merchant, Bribe Branch


You were on level 4 of the Dungeon.
You worshipped Gozag.
Gozag was pleased with you.
You visited 2 branches of the dungeon, and saw 6 of its levels.

You collected 616 gold pieces.
You paid 8 gold pieces to Gozag.

Inventory:

Hand Weapons
 a - a +0 hand axe (weapon)
Missiles
 s - 16 poisoned darts (quivered)
Armour
 b - a +0 tower shield (worn)
 n - a +2 ring mail of willpower (worn)
Jewellery
 h - a +4 ring of evasion (left hand)
 l - a ring of protection from cold (right hand)
Wands
 g - a wand of digging (3)
Scrolls
 c - 5 scrolls of fog
 d - 2 scrolls of magic mapping
 i - 2 scrolls of teleportation
 k - 3 scrolls of identify
 p - a scroll of brand weapon {unknown}
 q - a scroll of immolation {unknown}
 r - a scroll of noise {unknown}
Potions
 e - a potion of brilliance {unknown}
 f - a potion of magic {unknown}
 j - 2 potions of lignification {unknown}
 m - 2 potions of heal wounds {unknown}
 o - a potion of cancellation {unknown}
 t - a potion of mutation {unknown}


   Skills:
 + Level 3.6 Fighting
 + Level 3.0 Axes
 + Level 0.0 Throwing
 + Level 1.9 Armour
 + Level 2.6 Dodging
 - Level 6.0 Stealth
 + Level 1.7 Shields
 + Level 0.0 Evocations


You had 5 spell levels left.
You didn't know any spells.
Your spell library contained the following spells:

 Spells                   Type           Power      Damage    Failure   Level
 Fulminant Prism          Conj/Hex       0%         3d6       100%        4
 Iskenderun's Mystic Bla  Conj/Tloc      0%         2d3       100%        4
 Lee's Rapid Deconstruct  Erth           0%         3d5*      100%        5


Dungeon Overview and Level Annotations

Branches:
Dungeon (5/15)             Temple (1/1) D:5

Altars:
Ashenzari
Cheibriados
Dithmenos
Elyvilon
Fedhas
Gozag
Hepliaklqana
Kikubaaqudgha
Makhleb
Nemelex Xobeh
Okawaru
Qazlal
Ru
Sif Muna
Trog
Uskayaw
Vehumet
Wu Jian
Xom
Yredelemnul
Zin
The Shining One

Annotations:
D:4 Edmund, Grinder
D:5 Menkaure


Innate Abilities, Weirdness & Mutations

You have extremely sharp teeth.
Your natural rate of healing is unusually fast.
When hurt, damage is shared between your health and your magic reserves.
Your bite disrupts and absorbs the magic of your enemies.
Potions cannot restore your health.


Message History

You hit Edmund. Your bite misses Edmund.
Edmund is lightly wounded.
You feel very sick. You block Edmund's attack.
Edmund hits you with a +0 flail of venom!
You are more poisoned.
You hit Edmund.
Edmund is moderately wounded.
You feel very sick.
Edmund hits you with a +0 flail of venom!
* * * LOW HITPOINT WARNING * * *
You are lethally poisoned!
You are too injured to fight recklessly!
You are too injured to fight recklessly!
You are too injured to fight recklessly!
You are too injured to fight recklessly!
You are too injured to fight recklessly!
Okay, then.
Unknown command.
Unknown command.
Okay, then.
Unknown command.
Unknown command.
Press: ? - help, v - describe, . - travel
Here: Edmund, wielding a +0 flail of venom and wearing a +0 ring mail (moderately wounded)
The floor, spattered with blood.
Unknown command.
Unknown command.
Unknown command.
Unknown command.
As you read the scroll labelled SESATE GITZOBIPH, it crumbles to dust.
It is a scroll of identify.
i - 3 scrolls of teleportation
* * * LOW HITPOINT WARNING * * *
You feel very sick. Edmund barely misses you.
As you read the scroll of teleportation, it crumbles to dust.
You feel strangely unstable.
You die...
Your body crumbles into a pile of gold.

#### #########...
#..........
#........#
#.....@..# #.....@.#
#.......###########
#..................
#......$..........
#................###
#####..............#
#..............#
#..............#
##....#...######


You could see Edmund.

Vanquished Creatures
  A centaur skeleton (D:3)
  Natasha (thrice) (D:2)
  A hound skeleton (D:3)
  4 adders
  An adder skeleton (D:3)
  An adder zombie (D:3)
  A worm (D:3)
  2 dart slugs
  7 orcs
  5 endoplasms
  6 giant cockroaches
  5 hobgoblins
  4 jackals (D:2)
  4 quokkas
  A ball python (D:3)
  A ball python skeleton (D:3)
  3 bats
  A frilled lizard (D:3)
  2 giant cockroach zombies (D:3)
  9 goblins
  7 kobolds
  A quokka zombie (D:3)
  3 rats
73 creatures vanquished.

Vanquished Creatures (others)
  2 plants (D:1)
  3 withered plants
5 creatures vanquished.

Grand Total: 78 creatures vanquished

Notes
Turn   | Place    | Note
-------+----------+-------------------------------------------
     0 | D:5      | flotson the Vine Stalker Delver began the quest for the
                  | Orb.
     0 | D:5      | Reached XP level 1. HP: 11/11 MP: 2/2
    12 | D:5      | Found a staircase to the Ecumenical Temple.
    19 | Temple   | Entered the Ecumenical Temple
   409 | D:5      | Noticed Menkaure
   592 | D:5      | Reached XP level 2. HP: 9/16 MP: 3/3
   808 | Temple   | Became a worshipper of Gozag Ym Sagoz the Greedy
  1296 | D:4      | Noticed Grinder
  1671 | D:1      | Reached XP level 3. HP: 20/20 MP: 4/4
  2024 | D:1      | Reached skill level 1 in Armour
  2579 | D:2      | Noticed Natasha
  2592 | D:2      | Killed Natasha
  2593 | D:2      | Gained mutation: Your natural rate of healing is unusually
                  | fast. [Vine Stalker growth]
  2593 | D:2      | Reached XP level 4. HP: 23/24 MP: 3/5
  2622 | D:2      | Noticed Natasha
  2635 | D:2      | Killed Natasha
  2635 | D:2      | Noticed Natasha
  2650 | D:2      | Killed Natasha
  2651 | D:2      | Reached skill level 1 in Shields
  2792 | D:2      | Reached XP level 5. HP: 28/28 MP: 6/6
  2889 | D:2      | Found a faded altar of an unknown god.
  3648 | D:3      | Reached XP level 6. HP: 32/32 MP: 7/7
  4011 | D:4      | Found a shadowy altar of Dithmenos.
  4101 | D:4      | Noticed Edmund
  4113 | D:4      | Succumbed to Edmund's poison

Illustrated notes

Levels and vault maps discovered:
D:1:      zaba_arrival_water, layout_basic, serial_bayou, serial_bayou_lagoon_b,
          serial_bayou_pond_d, serial_bayou_shore_b
D:2:      layout_basic, ebering_ecumenical_altar_petrified, uniq_natasha
D:3:      layout_rooms, serial_undead, serial_undead_d, serial_undead_a,
          serial_undead_f, serial_undead_b, serial_undead_c, chequers_big_river
D:4:      black_bear_nest_1, layout_cave_pods,
          nicolae_dithmenos_through_a_glass_darkly,
          chequers_serial_rivers_small_a, uniq_grinder, uniq_edmund,
          uniq_eustachio
D:5:      layout_gridville, minmay_temple_entry_crystal_x, uniq_sigmund,
          uniq_menkaure
Temple:   kilobyte_greek_temple

Skill      XL: |  1  2  3  4  5  6 |
---------------+-------------------+-----
Axes           | 2 3 |  3.0
Fighting       | 3 |  3.6
Armour         | 1 |  1.9
Dodging        | 2 |  2.6
Shields        | 1 |  1.7
Stealth        | |  6.0

Action                   |  1- 3 |  4- 6 || total
-------------------------+-------+-------++-------
Melee: Hand axe          |   100 |   153 ||   253
       Bite              |    23 |    33 ||    56
  Use: Potion            |     1 |       ||     1
       Scroll            |     1 |     2 ||     3
 Stab: Sleeping          |     3 |     7 ||    10
Armor: Leather armour    |     2 |       ||     2
       Scale mail        |    22 |     8 ||    30
       Ring mail         |       |    54 ||    54
Dodge: Dodged            |    53 |    71 ||   124
Block: Tower shield      |    29 |   110 ||   139

Table legend: (Time is in decaauts)
 A = Elapsed time spent in this place.
 B = Non-inter-level travel time spent in this place.
 C = Inter-level travel time spent in this place.
 D = Time resting spent in this place.
 E = Time spent auto-exploring this place.
 F = Levels seen in this place.
 G = Mean time per level.
                   A        B        C        D        E       F      G
               +--------+--------+--------+--------+--------+-----+--------+
         Total |   4282 |   4067 |    215 |    663 |   2356 |   6 |  713.7 |
       Dungeon |   4035 |   3939 |     96 |    663 |   2245 |   5 |  807.0 |
        Temple |    247 |    128 |    119 |      0 |    111 |   1 |  247.0 |
               +--------+--------+--------+--------+--------+-----+--------+

Top non-repeatable levels by time:
     D:2: 1065 daAuts
     D:1: 1046 daAuts
     D:5: 1017 daAuts
     D:3: 762 daAuts
  Temple: 247 daAuts
     D:4: 143 daAuts
